Gangsters vs Wolves
Created - 21 novembre 2013 at 08:23
Goals
|
| Gangsters |
0 |
4 |
2 |
6 |
| Wolves |
3 |
0 |
1 |
4 |
|
Shots
|
| Gangsters |
11 |
8 |
10 |
29 |
| Wolves |
11 |
15 |
14 |
40 |
|
1st period
1. Wolves , Rich Peverley 12 (Alexander Perezhogin) at 2:17 (PP)
2. Wolves , Mike Zigomanis 8 (Chris Neil, Jamie Storr) at 15:12 (PP)
3. Wolves , Geoff Paukovich 1 (Chris Neil, Mike Zigomanis) at 16:24
Penalties :
Igor Radulov (Bro) for Interference (Minor) at 2:15, Mike Zigomanis (Min) for Hooking (Minor) at 3:21, Igor Radulov (Bro) for Hooking (Minor) at 7:27, Chris Terry (Min) for Hooking (Minor) at 9:44, Alexei Emelin (Bro) for Slashing (Minor) at 14:42, Bryan Young (Bro) for Holding (Minor) at 17:47
2nd period
4. Gangsters , Nick Foligno 3 (Alexei Emelin, Brock Bradford) at 10:39
5. Gangsters , Igor Radulov 17 (Ryan Keller, Alexandre Bolduc) at 12:43
6. Gangsters , Mikko Lehtonen 5 (Nick Foligno, Chris Bourque) at 14:24
7. Gangsters , Mikko Lehtonen 6 (Cory Murphy, Nick Foligno) at 19:04
Penalties :
Hunter Tremblay (Min) for Hooking (Minor) at 15:55
3rd period
8. Gangsters , Ryan Keller 11 (Alexandre Bolduc) at 3:47 (PP)
9. Gangsters , Chris Bourque 10 (Artem Anisimov, Staffan Kronwall) at 9:50 (PP)
10. Wolves , Mike Zigomanis 9 (Bruno Gervais, Chris Neil) at 10:32
Penalties :
Mikko Lehtonen (Bro) for Hooking (Minor) at 1:24, Chris Terry (Min) for Tripping (Minor) at 3:45, Marc Methot (Min) for Charging (Minor) at 8:30, Geoff Paukovich (Min) for Holding (Minor) at 12:14
Goalie Stats
Dustin Tokarski (Bro), 36 saves from 40 shots - (0,900), W, 3-2-0, 60:00 minutes
Jamie Storr (Min), 20 saves from 26 shots - (0,769), L, 7-6-0, 49:50 minutes
Loïc Lacasse (Min), 3 saves from 3 shots - (1,000), 10:10 minutes
Players Stats for Gangsters
Player Name G A P +/- PIM S H SB GA TA FO MP PP MP PK MP
------------------------------------------------------------------------------------
Alexandre Bolduc 0 2 2 0 0 2 1 0 2 1 11/29 19:43 4:16 2:20
Alexei Emelin 0 1 1 1 2 0 0 5 0 1 0/0 20:56 3:51 2:43
Artem Anisimov 0 1 1 -1 0 2 4 1 0 0 2/10 18:22 4:45 0:00
Ben Holmstrom 0 0 0 0 0 0 0 0 0 0 0/3 5:28 0:00 0:00
Bradley Malone 0 0 0 0 0 0 1 0 0 0 0/0 0:08 0:00 0:08
Brock Bradford 0 1 1 3 0 1 0 0 0 1 4/9 13:52 0:17 1:34
Bryan Young 0 0 0 1 2 0 0 0 0 0 0/0 10:01 0:06 0:00
Chris Bourque 1 1 2 -1 0 3 4 1 1 0 0/0 21:12 4:45 2:37
Colten Teubert 0 0 0 1 0 0 0 0 0 0 0/0 2:01 0:00 0:00
Cory Murphy 0 1 1 -1 0 2 2 0 1 3 0/0 27:11 5:27 3:46
Dave Dziurzynski 0 0 0 0 0 0 1 0 0 0 0/0 5:28 0:00 0:00
Igor Radulov 1 0 1 0 4 4 0 1 1 0 2/5 24:15 4:16 2:30
Luke Gazdic 0 0 0 0 0 0 0 0 0 0 0/0 0:00 0:00 0:00
Maxime Sauvé 0 0 0 0 0 0 0 0 0 0 0/0 0:00 0:00 0:00
Mikko Lehtonen 2 0 2 3 2 4 0 0 0 1 0/0 12:37 0:17 0:00
Nathan Moon 0 0 0 0 0 0 0 0 0 0 0/0 0:00 0:00 0:00
Nick Foligno 1 2 3 3 0 4 2 0 0 0 1/1 12:46 0:17 0:21
Phil McRae 0 0 0 0 0 0 0 0 0 0 0/0 0:00 0:00 0:00
Ryan Jones 0 0 0 -1 0 2 5 1 0 0 1/1 18:22 4:45 0:00
Ryan Keller 1 1 2 0 0 4 2 1 0 1 4/5 21:10 4:16 3:28
Shaun Heska 0 0 0 1 0 0 0 0 0 0 0/0 9:51 0:00 0:00
Staffan Kronwall 0 1 1 0 0 0 0 2 0 1 0/0 29:06 5:21 3:46
Ville Koistinen 0 0 0 1 0 1 1 1 1 1 0/0 20:57 3:51 2:43
Players Stats for Wolves
Player Name G A P +/- PIM S H SB GA TA FO MP PP MP PK MP
------------------------------------------------------------------------------------
Alexander Perezhogin 0 1 1 -1 0 9 0 0 4 0 1/1 19:13 3:41 0:00
Bruno Gervais 0 1 1 0 0 3 1 0 0 1 0/0 29:54 3:36 4:06
Chris Neil 0 3 3 1 0 0 1 0 0 0 0/0 19:42 2:40 4:45
Chris Terry 0 0 0 -1 4 0 0 0 0 0 0/0 9:59 0:00 0:00
Geoff Paukovich 1 0 1 1 2 3 4 1 0 0 0/0 18:47 2:40 2:50
Hunter Tremblay 0 0 0 -1 2 1 3 1 0 1 2/2 18:46 3:38 0:00
Jonas Junland 0 0 0 -2 0 1 0 3 1 1 0/0 20:03 2:02 3:18
Kevin Veilleux 0 0 0 -1 0 3 0 0 0 0 1/2 6:31 0:00 0:00
Logan MacMillan 0 0 0 -1 0 0 0 0 0 0 0/0 7:42 0:11 0:59
Marc Methot 0 0 0 -2 2 4 2 0 0 0 0/0 24:10 4:00 2:54
Matt Gilroy 0 0 0 0 0 1 0 2 0 1 0/0 4:33 1:00 2:18
Mike Zigomanis 2 1 3 1 2 4 1 0 1 0 5/11 16:42 2:40 1:49
Milan Bartovic 0 0 0 -1 0 3 0 0 0 0 0/1 6:39 0:08 0:00
Nate Guenin 0 0 0 -1 0 0 2 1 0 1 0/0 19:27 1:29 6:00
Nathan Davis 0 0 0 -1 0 0 0 0 0 0 2/3 10:01 0:08 0:23
Rich Peverley 1 0 1 -1 0 6 1 0 2 0 26/41 24:01 3:41 5:17
Tim Crowder 0 0 0 -1 0 0 0 0 0 0 1/2 12:34 0:00 2:33
Willie Mitchell 0 0 0 1 0 2 0 1 2 1 0/0 21:52 0:51 0:00
3 Stars
1 - Nick Foligno (Bro)
2 - Mike Zigomanis (Min)
3 - Mikko Lehtonen (Bro)
Power Play
Gangsters - 2 on 6 Attempt(s) - 33,33%
Wolves - 2 on 5 Attempt(s) - 40,00%
Penalty Kill
Gangsters - 3 on 5 Attempt(s) - 60,00%
- Score 0 goal in Penalty Kill
Wolves - 4 on 6 Attempt(s) - 66,67%
- Score 0 goal in Penalty Kill
Official
Referees : Charron Francis and Kowal Tom
Linesman : Vaughan Rody and Bryan Pancich
Game Notes
Matt Gilroy is injured at 11:27 of 1st period (Left Hand)
Loïc Lacasse enters game at 9:50 of 3rd period
Finance
Level 1 -- Attendance: 1345 (67,25%) -- Ticket Income 47 075 $
Level 2 -- Attendance: 778 (77,80%) -- Ticket Income 11 670 $
Total Attendance: 2123 (70,77%)
Total Ticket Income: 58 745 $
Other Income: 2 937 $
Total Income: 61 682 $
Gangsters
5 vs 5 Forward
Center Left Wing Right Wing Time % Phy DF OF
1 Alexandre Bolduc Igor Radulov Ryan Keller 40 1 2 2
2 Artem Anisimov Chris Bourque Ryan Jones 30 1 2 2
3 Brock Bradford Nick Foligno Mikko Lehtonen 20 1 2 2
4 Ben Holmstrom Dave Dziurzynski Igor Radulov 10 1 2 2
5 vs 5 Defense
Defense Defense Time % Phy DF OF
1 Staffan Kronwall Cory Murphy 40 1 2 2
2 Alexei Emelin Ville Koistinen 30 1 2 2
3 Bryan Young Shaun Heska 20 1 2 2
4 Colten Teubert Staffan Kronwall 10 1 2 2
PowerPlay Forward
Center Left Wing Right Wing Time % Phy DF OF
1 Alexandre Bolduc Igor Radulov Ryan Keller 60 1 2 2
2 Artem Anisimov Chris Bourque Ryan Jones 40 1 2 2
PowerPlay Defense
Defense Defense Time % Phy DF OF
1 Staffan Kronwall Cory Murphy 60 1 2 2
2 Alexei Emelin Ville Koistinen 40 1 2 2
Penalty Kill 4 Players Forward
Center Wing Time % Phy DF OF
1 Igor Radulov Ryan Keller 60 1 2 2
2 Chris Bourque Alexandre Bolduc 40 1 2 2
Penalty Kill 4 Players Defense
Defense Defense Time % Phy DF OF
1 Staffan Kronwall Cory Murphy 60 1 2 2
2 Alexei Emelin Ville Koistinen 40 1 2 2
Penalty Kill - 3 Players Forward
Forward Time % Phy DF OF
1 Igor Radulov 60 1 2 2
2 Ryan Keller 40 1 2 2
Penalty Kill - 3 Players Defense
Defense Defense Time % Phy DF OF
1 Staffan Kronwall Cory Murphy 60 1 2 2
2 Alexei Emelin Ville Koistinen 40 1 2 2
4 vs 4 Forward
Center Wing Time % Phy DF OF
1 Igor Radulov Ryan Keller 60 1 2 2
2 Chris Bourque Alexandre Bolduc 40 1 2 2
4 vs 4 Defense
Defense Defense Time % Phy DF OF
1 Staffan Kronwall Cory Murphy 60 1 2 2
2 Alexei Emelin Ville Koistinen 40 1 2 2
Last Minutes Offensive
Center Left Wing Right Wing Defense Defense
Alexandre Bolduc Igor Radulov Ryan Keller Staffan Kronwall Cory Murphy
Last Minutes Defensive
Center Left Wing Right Wing Defense Defense
Alexandre Bolduc Igor Radulov Ryan Keller Staffan Kronwall Cory Murphy
Goaltenders
Starting : Dustin Tokarski
Backup : David LeNeveu
Extra Forwards
Normal : Nick Foligno, Mikko Lehtonen, Brock Bradford - PP : Nick Foligno, Mikko Lehtonen - PK : Brock Bradford
Extra Defensemen
Normal : Bryan Young, Shaun Heska, Colten Teubert - PP : Bryan Young - PK : Shaun Heska, Colten Teubert
Penalty Shots
Igor Radulov, Ryan Keller, Chris Bourque, Alexandre Bolduc, Ryan Jones
Wolves
5 vs 5 Forward
Center Left Wing Right Wing Time % Phy DF OF
1 Rich Peverley Hunter Tremblay Alexander Perezhogin 40 1 0 4
2 Mike Zigomanis Geoff Paukovich Chris Neil 30 0 1 4
3 Nathan Davis Chris Terry Tim Crowder 20 1 1 3
4 Kevin Veilleux Logan MacMillan Milan Bartovic 10 2 2 1
5 vs 5 Defense
Defense Defense Time % Phy DF OF
1 Bruno Gervais Willie Mitchell 40 1 3 1
2 Marc Methot Jonas Junland 30 1 3 1
3 Matt Gilroy Nate Guenin 20 1 3 1
4 Bruno Gervais Willie Mitchell 10 1 3 1
PowerPlay Forward
Center Left Wing Right Wing Time % Phy DF OF
1 Rich Peverley Hunter Tremblay Alexander Perezhogin 60 0 0 5
2 Mike Zigomanis Geoff Paukovich Chris Neil 40 0 0 5
PowerPlay Defense
Defense Defense Time % Phy DF OF
1 Bruno Gervais Matt Gilroy 60 0 2 3
2 Marc Methot Jonas Junland 40 0 2 3
Penalty Kill 4 Players Forward
Center Wing Time % Phy DF OF
1 Rich Peverley Chris Neil 60 2 3 0
2 Tim Crowder Geoff Paukovich 40 2 3 0
Penalty Kill 4 Players Defense
Defense Defense Time % Phy DF OF
1 Nate Guenin Matt Gilroy 60 2 3 0
2 Marc Methot Jonas Junland 40 2 3 0
Penalty Kill - 3 Players Forward
Forward Time % Phy DF OF
1 Rich Peverley 60 1 4 0
2 Chris Neil 40 1 4 0
Penalty Kill - 3 Players Defense
Defense Defense Time % Phy DF OF
1 Nate Guenin Matt Gilroy 60 2 3 0
2 Marc Methot Jonas Junland 40 2 3 0
4 vs 4 Forward
Center Wing Time % Phy DF OF
1 Rich Peverley Alexander Perezhogin 60 1 1 3
2 Mike Zigomanis Chris Neil 40 1 1 3
4 vs 4 Defense
Defense Defense Time % Phy DF OF
1 Bruno Gervais Matt Gilroy 60 1 3 1
2 Marc Methot Jonas Junland 40 1 3 1
Last Minutes Offensive
Center Left Wing Right Wing Defense Defense
Rich Peverley Tim Crowder Alexander Perezhogin Bruno Gervais Matt Gilroy
Last Minutes Defensive
Center Left Wing Right Wing Defense Defense
Mike Zigomanis Milan Bartovic Chris Neil Willie Mitchell Nate Guenin
Goaltenders
Starting : Jamie Storr
Backup : Loïc Lacasse
Extra Forwards
Normal : Alexander Perezhogin, Rich Peverley, Mike Zigomanis - PP : Alexander Perezhogin, Rich Peverley - PK : Mike Zigomanis
Extra Defensemen
Normal : Willie Mitchell, Nate Guenin, Bruno Gervais - PP : Bruno Gervais - PK : Nate Guenin, Matt Gilroy
Penalty Shots
Chris Neil, Alexander Perezhogin, Rich Peverley, Mike Zigomanis, Milan Bartovic
% Time on Ice - Gangsters
Lines # - Real PCT - Wanted PCT - Time Play
Normal Forward
1 - 31% - 40% - 13:41
2 - 32% - 30% - 13:59
3 - 25% - 20% - 11:05
4 - 12% - 10% - 5:28
Normal Defense
1 - 41% - 40% - 17:58
2 - 33% - 30% - 14:23
3 - 22% - 20% - 9:51
4 - 5% - 10% - 2:01
PP Forward
1 - 47% - 60% - 4:20
2 - 53% - 40% - 4:58
PP Defense
1 - 59% - 60% - 5:27
2 - 41% - 40% - 3:51
PK Forward
1 - 78% - 60% - 5:04
2 - 22% - 40% - 1:25
PK Defense
1 - 58% - 60% - 3:46
2 - 42% - 40% - 2:43
PK3 Forward
1 - 0% - 60%
2 - 0% - 40%
PK3 Defense
1 - 0% - 60%
2 - 0% - 40%
44 Forward
1 - 0% - 60%
2 - 0% - 40%
44 Defense
1 - 0% - 60%
2 - 0% - 40%
Last Minute Offensive - 0:00
Last Minute Defensive - 0:00
Total
Forward - 60:00
Defense - 60:00
|
% Time on Ice - Wolves
Lines # - Real PCT - Wanted PCT - Time Play
Normal Forward
1 - 34% - 40% - 15:10
2 - 30% - 30% - 13:16
3 - 21% - 20% - 9:16
4 - 15% - 10% - 6:31
Normal Defense
1 - 38% - 40% - 16:53
2 - 32% - 30% - 14:01
3 - 28% - 20% - 12:29
4 - 2% - 10% - 0:50
PP Forward
1 - 59% - 60% - 3:49
2 - 41% - 40% - 2:40
PP Defense
1 - 69% - 60% - 4:27
2 - 31% - 40% - 2:02
PK Forward
1 - 73% - 60% - 6:45
2 - 27% - 40% - 2:33
PK Defense
1 - 65% - 60% - 6:00
2 - 35% - 40% - 3:18
PK3 Forward
1 - 0% - 60%
2 - 0% - 40%
PK3 Defense
1 - 0% - 60%
2 - 0% - 40%
44 Forward
1 - 0% - 60%
2 - 0% - 40%
44 Defense
1 - 0% - 60%
2 - 0% - 40%
Last Minute Offensive - 0:00
Last Minute Defensive - 0:00
Total
Forward - 60:00
Defense - 60:00
|
Play by Play
1st period
0:01 of 1st period - Alexandre Bolduc wins face-off versus Rich Peverley in neutral zone.
0:33 of 1st period - Wrist shot by Artem Anisimov.
0:33 of 1st period - Stopped by Jamie Storr with a rebound.
1:07 of 1st period - Ville Koistinen is hit by Marc Methot and loses puck.
1:48 of 1st period - Chris Neil is hit by Chris Bourque and loses puck.
2:07 of 1st period - Snap shot by Igor Radulov.
2:07 of 1st period - Stopped by Jamie Storr without a rebound.
2:08 of 1st period - Nathan Davis wins face-off versus Alexandre Bolduc in Wolves zone.
2:08 of 1st period - Nathan Davis is hit by Cory Murphy.
2:15 of 1st period - Minor Penalty to Igor Radulov for Interference.
2:16 of 1st period - Rich Peverley wins face-off versus Brock Bradford in Gangsters zone.
2:17 of 1st period - Slapshot by Alexander Perezhogin.
2:17 of 1st period - Deflect By Rich Peverley.
2:17 of 1st period - Goal by Rich Peverley - Gangsters : 0 - Wolves : 1.
2:18 of 1st period - Alexandre Bolduc wins face-off versus Rich Peverley in neutral zone.
2:23 of 1st period - Wrist shot by Igor Radulov.
2:23 of 1st period - Stopped by Jamie Storr with a rebound.
2:27 of 1st period - Wrist shot by Ryan Keller.
2:27 of 1st period - Stopped by Jamie Storr without a rebound.
2:28 of 1st period - Rich Peverley wins face-off versus Alexandre Bolduc in Wolves zone.
2:35 of 1st period - Snap shot by Rich Peverley.
2:35 of 1st period - Shot Misses the Net.
2:59 of 1st period - Snap shot by Igor Radulov.
2:59 of 1st period - Shot Misses the Net.
3:01 of 1st period - Slapshot by Cory Murphy.
3:01 of 1st period - Stopped by Jamie Storr without a rebound.
3:02 of 1st period - Artem Anisimov wins face-off versus Mike Zigomanis in Wolves zone.
3:11 of 1st period - Snap shot by Chris Bourque.
3:11 of 1st period - Stopped by Jamie Storr with a rebound.
3:21 of 1st period - Minor Penalty to Mike Zigomanis for Hooking.
3:22 of 1st period - Rich Peverley wins face-off versus Alexandre Bolduc in Wolves zone.
3:31 of 1st period - Snap shot by Ryan Keller.
3:31 of 1st period - Stopped by Jamie Storr with a rebound.
3:33 of 1st period - Slapshot by Staffan Kronwall.
3:33 of 1st period - Shot Blocked by Matt Gilroy.
5:21 of 1st period - Penalty to Mike Zigomanis is over, Mike Zigomanis is back on ice.
5:40 of 1st period - Icing by Shaun Heska.
5:41 of 1st period - Brock Bradford wins face-off versus Rich Peverley in Gangsters zone.
6:19 of 1st period - Wrist shot by Milan Bartovic.
6:19 of 1st period - Deflect By Kevin Veilleux.
6:19 of 1st period - Stopped by Dustin Tokarski with a rebound.
6:21 of 1st period - Slapshot by Matt Gilroy.
6:21 of 1st period - Stopped by Dustin Tokarski without a rebound.
6:22 of 1st period - Alexandre Bolduc wins face-off versus Kevin Veilleux in Gangsters zone.
7:27 of 1st period - Minor Penalty to Igor Radulov for Hooking.
7:28 of 1st period - Rich Peverley wins face-off versus Brock Bradford in Gangsters zone.
7:29 of 1st period - Snap shot by Alexander Perezhogin.
7:29 of 1st period - Shot Misses the Net.
7:31 of 1st period - Slapshot by Bruno Gervais.
7:31 of 1st period - Shot Blocked by Alexei Emelin.
8:41 of 1st period - Marc Methot is hit by Chris Bourque and loses puck.
9:12 of 1st period - Hunter Tremblay is hit by Bradley Malone and loses puck.
9:27 of 1st period - Penalty to Igor Radulov is over, Igor Radulov is back on ice.
9:44 of 1st period - Minor Penalty to Chris Terry for Hooking.
9:45 of 1st period - Rich Peverley wins face-off versus Alexandre Bolduc in Wolves zone.
10:12 of 1st period - Tim Crowder is hit by Artem Anisimov and loses puck.
11:10 of 1st period - Geoff Paukovich is hit by Chris Bourque and loses puck.
11:19 of 1st period - Snap shot by Chris Bourque.
11:19 of 1st period - Stopped by Jamie Storr with a rebound.
11:21 of 1st period - Backhand shot by Cory Murphy.
11:21 of 1st period - Shot Blocked by Nate Guenin.
11:25 of 1st period - Wrist shot by Chris Bourque.
11:25 of 1st period - Deflect By Ryan Jones.
11:25 of 1st period - Stopped by Jamie Storr with a rebound.
11:27 of 1st period - Slapshot by Staffan Kronwall.
11:27 of 1st period - Shot Blocked by Matt Gilroy.
11:27 of 1st period - Matt Gilroy from Wolves is injured at 11:27 of 1st period (Left Hand).
11:28 of 1st period - Alexandre Bolduc wins face-off versus Rich Peverley in Wolves zone.
11:44 of 1st period - Penalty to Chris Terry is over, Chris Terry is back on ice.
12:40 of 1st period - Wrist shot by Rich Peverley.
12:40 of 1st period - Stopped by Dustin Tokarski with a rebound.
13:15 of 1st period - Off-side.
13:16 of 1st period - Hunter Tremblay wins face-off versus Brock Bradford in neutral zone.
13:25 of 1st period - Slapshot by Alexander Perezhogin.
13:25 of 1st period - Stopped by Dustin Tokarski with a rebound.
13:46 of 1st period - Snap shot by Ryan Jones.
13:46 of 1st period - Shot Misses the Net.
13:58 of 1st period - Snap shot by Alexander Perezhogin.
13:58 of 1st period - Stopped by Dustin Tokarski with a rebound.
14:02 of 1st period - Wrist shot by Alexander Perezhogin.
14:02 of 1st period - Stopped by Dustin Tokarski without a rebound.
14:03 of 1st period - Ryan Keller wins face-off versus Mike Zigomanis in Gangsters zone.
14:37 of 1st period - Slapshot by Cory Murphy.
14:37 of 1st period - Stopped by Jamie Storr with a rebound.
14:39 of 1st period - Slapshot by Staffan Kronwall.
14:39 of 1st period - Deflect By Nick Foligno.
14:39 of 1st period - Shot Misses the Net.
14:39 of 1st period - Puck is out of play.
14:40 of 1st period - Mike Zigomanis wins face-off versus Alexandre Bolduc in Wolves zone.
14:42 of 1st period - Minor Penalty to Alexei Emelin for Slashing.
14:43 of 1st period - Igor Radulov wins face-off versus Rich Peverley in Gangsters zone.
15:12 of 1st period - Wrist shot by Mike Zigomanis.
15:12 of 1st period - Goal by Mike Zigomanis - Gangsters : 0 - Wolves : 2.
15:13 of 1st period - Alexandre Bolduc wins face-off versus Rich Peverley in neutral zone.
15:39 of 1st period - Cory Murphy is hit by Chris Neil and loses puck.
15:44 of 1st period - Slapshot by Chris Neil.
15:44 of 1st period - Deflect By Cory Murphy.
15:44 of 1st period - Shot Blocked by Chris Bourque.
15:44 of 1st period - Puck is out of play.
15:45 of 1st period - Ryan Keller wins face-off versus Mike Zigomanis in Gangsters zone.
15:58 of 1st period - Slapshot by Chris Neil.
15:58 of 1st period - Shot Misses the Net.
16:10 of 1st period - Alexandre Bolduc is hit by Geoff Paukovich.
16:22 of 1st period - Wrist shot by Chris Neil.
16:22 of 1st period - Shot Misses the Net.
16:24 of 1st period - Snap shot by Geoff Paukovich.
16:24 of 1st period - Goal by Geoff Paukovich - Gangsters : 0 - Wolves : 3.
16:25 of 1st period - Rich Peverley wins face-off versus Artem Anisimov in neutral zone.
16:32 of 1st period - Wrist shot by Alexander Perezhogin.
16:32 of 1st period - Stopped by Dustin Tokarski with a rebound.
16:34 of 1st period - Backhand shot by Rich Peverley.
16:34 of 1st period - Stopped by Dustin Tokarski with a rebound.
16:36 of 1st period - Slapshot by Bruno Gervais.
16:36 of 1st period - Shot Blocked by Staffan Kronwall.
16:38 of 1st period - Backhand shot by Willie Mitchell.
16:38 of 1st period - Shot Misses the Net.
17:11 of 1st period - Snap shot by Alexandre Bolduc.
17:11 of 1st period - Stopped by Jamie Storr with a rebound.
17:47 of 1st period - Minor Penalty to Bryan Young for Holding.
17:48 of 1st period - Rich Peverley wins face-off versus Igor Radulov in Gangsters zone.
17:53 of 1st period - Snap shot by Alexander Perezhogin.
17:53 of 1st period - Shot Blocked by Igor Radulov.
19:47 of 1st period - Penalty to Bryan Young is over, Bryan Young is back on ice.
2nd period
0:01 of 2nd period - Rich Peverley wins face-off versus Alexandre Bolduc in neutral zone.
0:52 of 2nd period - Tim Crowder is hit by Chris Bourque and loses puck.
1:11 of 2nd period - Slapshot by Nick Foligno.
1:11 of 2nd period - Shot Misses the Net.
1:13 of 2nd period - Snap shot by Nick Foligno.
1:13 of 2nd period - Shot Misses the Net.
1:15 of 2nd period - Wrist shot by Nick Foligno.
1:15 of 2nd period - Stopped by Jamie Storr with a rebound.
1:49 of 2nd period - Bruno Gervais is hit by Ryan Jones.
3:34 of 2nd period - Snap shot by Rich Peverley.
3:34 of 2nd period - Stopped by Dustin Tokarski without a rebound.
3:35 of 2nd period - Rich Peverley wins face-off versus Ben Holmstrom in Gangsters zone.
3:44 of 2nd period - Wrist shot by Alexander Perezhogin.
3:44 of 2nd period - Stopped by Dustin Tokarski with a rebound.
3:50 of 2nd period - Wrist shot by Alexander Perezhogin.
3:50 of 2nd period - Stopped by Dustin Tokarski with a rebound.
3:52 of 2nd period - Slapshot by Marc Methot.
3:52 of 2nd period - Shot Blocked by Alexei Emelin.
3:54 of 2nd period - Wrist shot by Rich Peverley.
3:54 of 2nd period - Shot Blocked by Alexei Emelin.
3:56 of 2nd period - Slapshot by Marc Methot.
3:56 of 2nd period - Shot Misses the Net.
3:58 of 2nd period - Slapshot by Marc Methot.
3:58 of 2nd period - Shot Blocked by Ville Koistinen.
4:00 of 2nd period - Slapshot by Jonas Junland.
4:00 of 2nd period - Deflect By Alexei Emelin.
4:00 of 2nd period - Stopped by Dustin Tokarski with a rebound.
4:02 of 2nd period - Snap shot by Alexander Perezhogin.
4:02 of 2nd period - Stopped by Dustin Tokarski without a rebound.
4:03 of 2nd period - Brock Bradford wins face-off versus Mike Zigomanis in Gangsters zone.
5:28 of 2nd period - Snap shot by Kevin Veilleux.
5:28 of 2nd period - Stopped by Dustin Tokarski with a rebound.
5:30 of 2nd period - Slapshot by Marc Methot.
5:30 of 2nd period - Stopped by Dustin Tokarski without a rebound.
5:31 of 2nd period - Rich Peverley wins face-off versus Alexandre Bolduc in Gangsters zone.
5:38 of 2nd period - Snap shot by Rich Peverley.
5:38 of 2nd period - Shot Misses the Net.
6:05 of 2nd period - Icing by Chris Bourque.
6:06 of 2nd period - Mike Zigomanis wins face-off versus Artem Anisimov in Gangsters zone.
6:07 of 2nd period - Snap shot by Chris Neil.
6:07 of 2nd period - Shot Blocked by Ryan Jones.
6:09 of 2nd period - Wrist shot by Geoff Paukovich.
6:09 of 2nd period - Stopped by Dustin Tokarski without a rebound.
6:10 of 2nd period - Mike Zigomanis wins face-off versus Alexandre Bolduc in Gangsters zone.
7:04 of 2nd period - Slapshot by Nick Foligno.
7:04 of 2nd period - Stopped by Jamie Storr without a rebound.
7:05 of 2nd period - Mike Zigomanis wins face-off versus Brock Bradford in Wolves zone.
7:05 of 2nd period - Mike Zigomanis is hit by Nick Foligno.
7:17 of 2nd period - Slapshot by Chris Neil.
7:17 of 2nd period - Shot Misses the Net.
7:19 of 2nd period - Slapshot by Marc Methot.
7:19 of 2nd period - Stopped by Dustin Tokarski with a rebound.
7:21 of 2nd period - Snap shot by Geoff Paukovich.
7:21 of 2nd period - Stopped by Dustin Tokarski with a rebound.
7:31 of 2nd period - Marc Methot is hit by Ryan Keller and loses puck.
7:36 of 2nd period - Snap shot by Igor Radulov.
7:36 of 2nd period - Deflect By Ryan Keller.
7:36 of 2nd period - Stopped by Jamie Storr without a rebound.
7:37 of 2nd period - Alexandre Bolduc wins face-off versus Rich Peverley in Wolves zone.
7:52 of 2nd period - Snap shot by Igor Radulov.
7:52 of 2nd period - Shot Blocked by Hunter Tremblay.
8:32 of 2nd period - Slapshot by Nick Foligno.
8:32 of 2nd period - Shot Misses the Net.
8:34 of 2nd period - Snap shot by Nick Foligno.
8:34 of 2nd period - Shot Misses the Net.
8:36 of 2nd period - Slapshot by Shaun Heska.
8:36 of 2nd period - Shot Hit the Post.
9:13 of 2nd period - Jonas Junland is hit by Ryan Jones and loses puck.
9:37 of 2nd period - Brock Bradford is hit by Bruno Gervais and loses puck.
9:42 of 2nd period - Slapshot by Bruno Gervais.
9:42 of 2nd period - Stopped by Dustin Tokarski with a rebound.
9:44 of 2nd period - Snap shot by Milan Bartovic.
9:44 of 2nd period - Stopped by Dustin Tokarski with a rebound.
9:46 of 2nd period - Wrist shot by Milan Bartovic.
9:46 of 2nd period - Stopped by Dustin Tokarski with a rebound.
9:48 of 2nd period - Snap shot by Kevin Veilleux.
9:48 of 2nd period - Stopped by Dustin Tokarski with a rebound.
9:50 of 2nd period - Snap shot by Milan Bartovic.
9:50 of 2nd period - Stopped by Dustin Tokarski with a rebound.
10:08 of 2nd period - Snap shot by Nick Foligno.
10:08 of 2nd period - Shot Misses the Net.
10:19 of 2nd period - Wrist shot by Brock Bradford.
10:19 of 2nd period - Stopped by Jamie Storr with a rebound.
10:39 of 2nd period - Snap shot by Nick Foligno.
10:39 of 2nd period - Goal by Nick Foligno - Gangsters : 1 - Wolves : 3.
10:40 of 2nd period - Rich Peverley wins face-off versus Alexandre Bolduc in neutral zone.
11:07 of 2nd period - Icing by Chris Bourque.
11:08 of 2nd period - Mike Zigomanis wins face-off versus Artem Anisimov in Gangsters zone.
11:36 of 2nd period - Chris Neil is hit by Artem Anisimov and loses puck.
11:57 of 2nd period - Shaun Heska is hit by Geoff Paukovich.
12:29 of 2nd period - Snap shot by Chris Bourque.
12:29 of 2nd period - Deflect By Ryan Jones.
12:29 of 2nd period - Shot Blocked by Geoff Paukovich.
12:29 of 2nd period - Puck is out of play.
12:30 of 2nd period - Rich Peverley wins face-off versus Ryan Keller in Wolves zone.
12:43 of 2nd period - Wrist shot by Igor Radulov.
12:43 of 2nd period - Goal by Igor Radulov - Gangsters : 2 - Wolves : 3.
12:44 of 2nd period - Rich Peverley wins face-off versus Alexandre Bolduc in neutral zone.
13:10 of 2nd period - Chris Terry is hit by Nick Foligno and loses puck.
13:51 of 2nd period - Alexei Emelin is hit by Geoff Paukovich and loses puck.
14:24 of 2nd period - Snap shot by Mikko Lehtonen.
14:24 of 2nd period - Goal by Mikko Lehtonen - Gangsters : 3 - Wolves : 3.
14:25 of 2nd period - Rich Peverley wins face-off versus Artem Anisimov in neutral zone.
14:40 of 2nd period - Bruno Gervais is hit by Cory Murphy and loses puck.
14:51 of 2nd period - Bruno Gervais is hit by Ryan Keller.
15:55 of 2nd period - Minor Penalty to Hunter Tremblay for Hooking.
15:56 of 2nd period - Rich Peverley wins face-off versus Alexandre Bolduc in Wolves zone.
16:31 of 2nd period - Tim Crowder is hit by Ryan Jones and loses puck.
16:40 of 2nd period - Ryan Jones is hit by Nate Guenin and loses puck.
17:37 of 2nd period - Igor Radulov is hit by Mike Zigomanis and loses puck.
17:55 of 2nd period - Penalty to Hunter Tremblay is over, Hunter Tremblay is back on ice.
18:20 of 2nd period - Kevin Veilleux is hit by Dave Dziurzynski and loses puck.
18:24 of 2nd period - Icing by Willie Mitchell.
18:25 of 2nd period - Kevin Veilleux wins face-off versus Ben Holmstrom in Wolves zone.
18:52 of 2nd period - Chris Bourque is hit by Rich Peverley.
19:02 of 2nd period - Slapshot by Cory Murphy.
19:02 of 2nd period - Shot Misses the Net.
19:04 of 2nd period - Slapshot by Mikko Lehtonen.
19:04 of 2nd period - Goal by Mikko Lehtonen - Gangsters : 4 - Wolves : 3.
19:05 of 2nd period - Rich Peverley wins face-off versus Alexandre Bolduc in neutral zone.
19:30 of 2nd period - Nathan Davis is hit by Ryan Jones and loses puck.
19:52 of 2nd period - Icing by Bruno Gervais.
19:53 of 2nd period - Brock Bradford wins face-off versus Mike Zigomanis in Wolves zone.
3rd period
0:01 of 3rd period - Ryan Keller wins face-off versus Rich Peverley in neutral zone.
0:08 of 3rd period - Snap shot by Alexandre Bolduc.
0:08 of 3rd period - Stopped by Jamie Storr with a rebound.
0:14 of 3rd period - Igor Radulov is hit by Hunter Tremblay and loses puck.
0:29 of 3rd period - Wrist shot by Mike Zigomanis.
0:29 of 3rd period - Deflect By Staffan Kronwall.
0:29 of 3rd period - Stopped by Dustin Tokarski without a rebound.
0:30 of 3rd period - Hunter Tremblay wins face-off versus Artem Anisimov in Gangsters zone.
0:31 of 3rd period - Snap shot by Alexander Perezhogin.
0:31 of 3rd period - Shot Blocked by Alexei Emelin.
0:33 of 3rd period - Snap shot by Rich Peverley.
0:33 of 3rd period - Stopped by Dustin Tokarski with a rebound.
0:35 of 3rd period - Slapshot by Marc Methot.
0:35 of 3rd period - Shot Blocked by Artem Anisimov.
0:37 of 3rd period - Slapshot by Marc Methot.
0:37 of 3rd period - Stopped by Dustin Tokarski with a rebound.
1:18 of 3rd period - Bruno Gervais is hit by Ville Koistinen and loses puck.
1:24 of 3rd period - Minor Penalty to Mikko Lehtonen for Hooking.
1:25 of 3rd period - Rich Peverley wins face-off versus Igor Radulov in Gangsters zone.
1:28 of 3rd period - Wrist shot by Rich Peverley.
1:28 of 3rd period - Shot Blocked by Staffan Kronwall.
1:30 of 3rd period - Slapshot by Hunter Tremblay.
1:30 of 3rd period - Deflect By Rich Peverley.
1:30 of 3rd period - Shot Blocked by Ryan Keller.
1:30 of 3rd period - Puck is out of play.
1:31 of 3rd period - Igor Radulov wins face-off versus Rich Peverley in Gangsters zone.
1:31 of 3rd period - Igor Radulov is hit by Hunter Tremblay.
1:52 of 3rd period - Icing by Rich Peverley.
1:53 of 3rd period - Rich Peverley wins face-off versus Igor Radulov in Wolves zone.
2:37 of 3rd period - Snap shot by Mike Zigomanis.
2:37 of 3rd period - Stopped by Dustin Tokarski with a rebound.
2:41 of 3rd period - Snap shot by Geoff Paukovich.
2:41 of 3rd period - Shot Misses the Net.
2:43 of 3rd period - Snap shot by Bruno Gervais.
2:43 of 3rd period - Stopped by Dustin Tokarski with a rebound.
2:45 of 3rd period - Wrist shot by Geoff Paukovich.
2:45 of 3rd period - Shot Blocked by Alexei Emelin.
3:08 of 3rd period - Slapshot by Ville Koistinen.
3:08 of 3rd period - Stopped by Jamie Storr with a rebound.
3:24 of 3rd period - Penalty to Mikko Lehtonen is over, Mikko Lehtonen is back on ice.
3:30 of 3rd period - Backhand shot by Nick Foligno.
3:30 of 3rd period - Stopped by Jamie Storr without a rebound.
3:31 of 3rd period - Brock Bradford wins face-off versus Tim Crowder in Wolves zone.
3:40 of 3rd period - Wrist shot by Brock Bradford.
3:40 of 3rd period - Shot Blocked by Jonas Junland.
3:45 of 3rd period - Minor Penalty to Chris Terry for Tripping.
3:46 of 3rd period - Alexandre Bolduc wins face-off versus Rich Peverley in Wolves zone.
3:47 of 3rd period - Snap shot by Ryan Keller.
3:47 of 3rd period - Goal by Ryan Keller - Gangsters : 5 - Wolves : 3.
3:48 of 3rd period - Ryan Keller wins face-off versus Rich Peverley in neutral zone.
4:44 of 3rd period - Slapshot by Marc Methot.
4:44 of 3rd period - Stopped by Dustin Tokarski without a rebound.
4:45 of 3rd period - Alexandre Bolduc wins face-off versus Rich Peverley in Gangsters zone.
4:50 of 3rd period - Snap shot by Rich Peverley.
4:50 of 3rd period - Stopped by Dustin Tokarski with a rebound.
4:52 of 3rd period - Snap shot by Hunter Tremblay.
4:52 of 3rd period - Stopped by Dustin Tokarski with a rebound.
4:54 of 3rd period - Snap shot by Willie Mitchell.
4:54 of 3rd period - Stopped by Dustin Tokarski without a rebound.
4:55 of 3rd period - Rich Peverley wins face-off versus Alexandre Bolduc in Gangsters zone.
4:56 of 3rd period - Slapshot by Alexander Perezhogin.
4:56 of 3rd period - Stopped by Dustin Tokarski without a rebound.
4:57 of 3rd period - Alexandre Bolduc wins face-off versus Rich Peverley in Gangsters zone.
5:27 of 3rd period - Slapshot by Bruno Gervais.
5:27 of 3rd period - Stopped by Dustin Tokarski without a rebound.
5:28 of 3rd period - Artem Anisimov wins face-off versus Nathan Davis in Gangsters zone.
5:44 of 3rd period - Icing by Chris Bourque.
5:45 of 3rd period - Alexander Perezhogin wins face-off versus Artem Anisimov in Gangsters zone.
5:52 of 3rd period - Slapshot by Ryan Jones.
5:52 of 3rd period - Stopped by Jamie Storr without a rebound.
5:53 of 3rd period - Rich Peverley wins face-off versus Alexandre Bolduc in Wolves zone.
6:11 of 3rd period - Wrist shot by Rich Peverley.
6:11 of 3rd period - Deflect By Hunter Tremblay.
6:11 of 3rd period - Shot Misses the Net.
6:11 of 3rd period - Puck is out of play.
6:12 of 3rd period - Ryan Jones wins face-off versus Mike Zigomanis in Gangsters zone.
6:25 of 3rd period - Snap shot by Ryan Jones.
6:25 of 3rd period - Shot Misses the Net.
6:27 of 3rd period - Snap shot by Chris Bourque.
6:27 of 3rd period - Shot Misses the Net.
7:54 of 3rd period - Backhand shot by Nate Guenin.
7:54 of 3rd period - Deflect By Alexander Perezhogin.
7:54 of 3rd period - Stopped by Dustin Tokarski with a rebound.
8:19 of 3rd period - Slapshot by Willie Mitchell.
8:19 of 3rd period - Stopped by Dustin Tokarski with a rebound.
8:30 of 3rd period - Minor Penalty to Marc Methot for Charging.
8:31 of 3rd period - Rich Peverley wins face-off versus Alexandre Bolduc in Wolves zone.
9:02 of 3rd period - Backhand shot by Chris Bourque.
9:02 of 3rd period - Deflect By Geoff Paukovich.
9:02 of 3rd period - Shot Misses the Net.
9:02 of 3rd period - Puck is out of play.
9:03 of 3rd period - Tim Crowder wins face-off versus Artem Anisimov in Wolves zone.
9:26 of 3rd period - Icing by Alexei Emelin.
9:27 of 3rd period - Rich Peverley wins face-off versus Artem Anisimov in Gangsters zone.
9:34 of 3rd period - Rich Peverley is hit by Artem Anisimov.
9:48 of 3rd period - Snap shot by Chris Bourque.
9:48 of 3rd period - Deflect By Artem Anisimov.
9:48 of 3rd period - Stopped by Jamie Storr with a rebound.
9:50 of 3rd period - Wrist shot by Chris Bourque.
9:50 of 3rd period - Goal by Chris Bourque - Gangsters : 6 - Wolves : 3.
9:50 of 3rd period - Loïc Lacasse enters game.
9:51 of 3rd period - Rich Peverley wins face-off versus Alexandre Bolduc in neutral zone.
9:56 of 3rd period - Slapshot by Rich Peverley.
9:56 of 3rd period - Deflect By Cory Murphy.
9:56 of 3rd period - Shot Misses the Net.
9:56 of 3rd period - Puck is out of play.
9:57 of 3rd period - Alexandre Bolduc wins face-off versus Rich Peverley in Gangsters zone.
10:22 of 3rd period - Slapshot by Cory Murphy.
10:22 of 3rd period - Shot Misses the Net.
10:32 of 3rd period - Snap shot by Mike Zigomanis.
10:32 of 3rd period - Goal by Mike Zigomanis - Gangsters : 6 - Wolves : 4.
10:33 of 3rd period - Alexandre Bolduc wins face-off versus Rich Peverley in neutral zone.
10:40 of 3rd period - Slapshot by Igor Radulov.
10:40 of 3rd period - Stopped by Loïc Lacasse with a rebound.
10:58 of 3rd period - Geoff Paukovich is hit by Artem Anisimov.
11:27 of 3rd period - Snap shot by Mikko Lehtonen.
11:27 of 3rd period - Shot Blocked by Jonas Junland.
11:29 of 3rd period - Wrist shot by Nick Foligno.
11:29 of 3rd period - Shot Blocked by Jonas Junland.
11:40 of 3rd period - Off-side.
11:41 of 3rd period - Rich Peverley wins face-off versus Ben Holmstrom in neutral zone.
12:08 of 3rd period - Cory Murphy is hit by Nate Guenin and loses puck.
12:14 of 3rd period - Minor Penalty to Geoff Paukovich for Holding.
12:15 of 3rd period - Rich Peverley wins face-off versus Alexandre Bolduc in Wolves zone.
14:14 of 3rd period - Penalty to Geoff Paukovich is over, Geoff Paukovich is back on ice.
15:09 of 3rd period - Staffan Kronwall is hit by Geoff Paukovich and loses puck.
16:09 of 3rd period - Icing by Brock Bradford.
16:10 of 3rd period - Nick Foligno wins face-off versus Milan Bartovic in Gangsters zone.
16:19 of 3rd period - Off-side.
16:20 of 3rd period - Nathan Davis wins face-off versus Brock Bradford in neutral zone.
16:31 of 3rd period - Wrist shot by Nick Foligno.
16:31 of 3rd period - Shot Blocked by Willie Mitchell.
16:33 of 3rd period - Wrist shot by Mikko Lehtonen.
16:33 of 3rd period - Stopped by Loïc Lacasse with a rebound.
16:35 of 3rd period - Wrist shot by Mikko Lehtonen.
16:35 of 3rd period - Stopped by Loïc Lacasse without a rebound.
16:36 of 3rd period - Rich Peverley wins face-off versus Alexandre Bolduc in Wolves zone.
16:36 of 3rd period - Rich Peverley is hit by Alexandre Bolduc.
18:40 of 3rd period - Chris Terry is hit by Ryan Jones and loses puck.
18:51 of 3rd period - Brock Bradford is hit by Hunter Tremblay and loses puck.
19:15 of 3rd period - Shaun Heska is hit by Marc Methot and loses puck.
19:46 of 3rd period - Slapshot by Tim Crowder.
19:46 of 3rd period - Shot Misses the Net.
Output by the SimonT Hockey Simulator (STHS) for François Prévost -- Original Page W3C XHTML 1.0 Valid